 Dungeon Crawl Stone Soup version 0.30-a0-222-ge547ba4400 (webtiles) character file.

Game seed: 15846544424243869600

48082 MrRokkomies the Slicer (level 14, -6/129 HPs)
             Began as an Armataur Brigand on Oct 5, 2022.
             Was a High Priest of Uskayaw.
             Shot with a bolt by an orc warrior (13 damage)
             ... led by an orc warlord
             ... on level 1 of the Orcish Mines on Oct 8, 2022.
             The game lasted 01:13:49 (16253 turns).

MrRokkomies the Slicer (Armataur Brigand)          Turns: 16253, Time: 01:13:51

Health: -6/129     AC: 18    Str: 15    XL:     14   Next: 10%
Magic:  21/21      EV: 14    Int: 16    God:    Uskayaw [*****.]
Gold:   680        SH:  0    Dex: 19    Spells: 13/13 levels left

rFire   . . .      SeeInvis .    a - +2 rapier (distort)
rCold   . . .      Faith    .    (no shield)
rNeg    + . .      Spirit   .    G - +1 leather armour {rPois}
rPois   +          Reflect  .    r - +1 helmet
rElec   .          Harm     .    P - +1 cloak
rCorr   .          Roll     +    J - +0 pair of gloves of the Stallion {rN+ Str-3 Int+4}
Will    +....                    (no barding)
Stlth   ++++......               g - amulet "Cerau" {Regen+ Dex+4}
HPRegen 1.21/turn                I - +4 ring of protection
MPRegen 0.17/turn                p - +4 ring of protection

@: studying Hexes
A: large, rugged brown scales 3, deformed body, armoured tail, roll, long
tongue, awkward tongue
a: Renounce Religion, Stomp, Line Pass, Grand Finale


You were on level 1 of the Orcish Mines.
You worshipped Uskayaw.
Uskayaw was aware of your devotion.
You visited 4 branches of the dungeon, and saw 17 of its levels.
You also visited: Bailey.

You collected 1002 gold pieces.
You spent 322 gold pieces at shops.

Inventory:

Hand Weapons
 a - a +2 rapier of distortion (weapon)
 b - a +3 short sword of protection
 s - a +2 dagger
 A - a +3 dagger of speed
 E - the +6 hand axe of Iguss {flame, *Rage rElec rC+++}
   (You found it on level 8 of the Dungeon)

   It burns those it strikes, dealing additional fire damage.
   Big, fiery blades are also staple armaments of hydra-hunters.
   rC:        It renders you almost immune to cold.
   rElec:     It insulates you from electricity.
   *Rage:     It berserks you when you make melee attacks (+20% chance).
 Q - a +2 dagger of venom
Missiles
 d - 28 poisoned darts (quivered)
 e - 4 curare-tipped darts
 q - 12 atropa-tipped darts
 F - a throwing net
Armour
 r - a +1 helmet (worn)
 v - a +1 robe of positive energy
 G - a +1 leather armour of poison resistance (worn)
 J - the +0 pair of gloves of the Stallion (worn) {rN+ Str-3 Int+4}
   (You found it on level 9 of the Dungeon)

   Str:       It affects your strength (-3).
   Int:       It affects your intelligence (+4).
   rN:        It protects you from negative energy.
 P - a +1 cloak (worn)
Jewellery
 g - the amulet "Cerau" (around neck) {Regen+ Dex+4}
   (You acquired it on level 5 of the Dungeon)

   [amulet of regeneration]

   Dex:       It affects your dexterity (+4).
   Regen:     It increases your rate of health regeneration.
 h - a ring of ice
 i - an amulet of reflection
 n - a ring of poison resistance
 p - a +4 ring of protection (right hand)
 y - a +6 ring of intelligence
 z - a ring of fire
 I - a +4 ring of protection (left hand)
 R - a ring of magical power
 T - a ring of see invisible
Wands
 c - a wand of flame (22)
 j - a wand of paralysis (6)
 l - a wand of polymorph (6)
 x - a wand of digging (2)
 D - a wand of acid (23)
 H - a wand of mindburst (7)
Scrolls
 f - 6 scrolls of teleportation
 k - 4 scrolls of poison
 K - 3 scrolls of enchant weapon
 L - a scroll of enchant armour
 M - 5 scrolls of identify
 N - 7 scrolls of magic mapping
Potions
 m - 3 potions of brilliance
 o - 5 potions of might
 u - 5 potions of attraction
 w - 3 potions of haste
 C - a potion of magic
Miscellaneous
 B - a tin of tremorstones (2/2)
 O - a condenser vane
 S - a phial of floods


   Skills:
 - Level 10.0 Fighting
 + Level 10.2 Short Blades
 * Level 9.4 Throwing
 + Level 7.9 Dodging
 - Level 10.0 Stealth
 * Level 10.0 Invocations
 + Level 6.9 Evocations


You had 13 spell levels left.
You didn't know any spells.
Your spell library contained the following spells:

 Spells                   Type           Power      Damage    Failure   Level
 Magic Dart               Conj           0%         1d3       30%         1
 Sandblast                Erth           0%         2d4       30%         1
 Call Imp                 Summ           0%         N/A       43%         2
 Passwall                 Tmut/Erth      0%         N/A       43%         2
 Sublimation of Blood     Necr           0%         N/A       43%         2
 Wereblood                Tmut           0%         N/A       43%         2
 Ignite Poison            Fire/Tmut/Pois 0%         N/A       67%         3
 Mephitic Cloud           Conj/Pois/Air  0%         N/A       67%         3
 Stone Arrow              Conj/Erth      0%         3d7       67%         3
 Anguish                  Hex/Necr       0%         N/A       97%         4
 Sticky Flame             Conj/Fire      0%         2d3       97%         4
 Freezing Cloud           Conj/Ice/Air   0%         6-21      100%        5
 Simulacrum               Ice/Necr       0%         N/A       100%        6
 Enfeeble                 Hex            0%         N/A       100%        7
 Summon Hydra             Summ           0%         N/A       100%        7
 Ignition                 Fire           0%         3d3       100%        8
 Polar Vortex             Ice            0%         N/A       100%        9


Dungeon Overview and Level Annotations

Branches:
Dungeon (10/15)            Temple (1/1) D:4            Lair (5/5) D:9
 Shoals (0/4) Lair:2        Snake (0/4) Lair:3        Slime (0/5) Lair:4
    Orc (1/2) D:10         Bailey (visited)

Altars:
Ashenzari
Cheibriados
Dithmenos
Elyvilon
Fedhas
Gozag
Hepliaklqana
Kikubaaqudgha
Makhleb
Nemelex Xobeh
Okawaru
Qazlal
Ru
Sif Muna
Trog
Uskayaw
Vehumet
Wu Jian
Xom
Yredelemnul
Zin
The Shining One
Jiyva
Lugonu

Shops:
D:1 ?!   D:3 !   D:7 !   D:10 (

Portals:
Abyss: Lair:5

Annotations:
D:2 1 runed translucent door, Crazy Yiuf
Lair:3 3 runed translucent doors, Morbidden's ghost, journeyman TrCj
Lair:4 2 runed translucent doors, exclusion: oklob plant, borntocrawl's ghost, journeyman SpHs


Innate Abilities, Weirdness & Mutations

You are completely covered in rugged brown scales. (AC +3, +7% HP)
Armour fits poorly on your strangely shaped body.
You have a long armoured tail.
You roll when moving toward enemies. (Rampage)
Your long tongue fully drains potion bottles. (2x potion effects)
Your tongue gives you trouble enunciating. (1.5x scroll delay)


Message History

* * * LOW HITPOINT WARNING * * *
The orc warrior misses you. The orc warrior closely misses you.
You hit the orc warlord. You tail-slap the orc warlord.
The orc warlord is almost dead.
The orc warrior is no longer sharing its pain.
The orc warlord hits you but does no damage.
The orc warrior misses you.
The orc warrior hits you with a +2 short sword of speed.
* * * LOW HITPOINT WARNING * * *
You hit the orc warlord but do no damage.
You tail-slap the orc warlord, but do no damage.
The orc warlord is almost dead.
The orc warlord blinks!
The orc warrior hits you with a +2 short sword of speed.
* * * LOW HITPOINT WARNING * * *
You completely miss the orc warrior.
You tail-slap the orc warrior, but do no damage.
The orc warrior is lightly wounded.
The orc warrior closely misses you.
You hit the orc warrior but do no damage.
Space warps horribly around the orc warrior!!
Your tail-slap misses the orc warrior.
The orc warrior is almost dead.
The orc warlord is no longer sharing its pain.
The orc warrior hits you with a +2 short sword of speed.
* * * LOW HITPOINT WARNING * * *
The orc warrior hits you but does no damage.
You can now merge with and destroy a victim.
Okay, then.
The orc warrior is no longer sharing its pain.
The orc warrior hits you with a +2 short sword of speed!
* * * LOW HITPOINT WARNING * * *
The orc warrior attacks as you move away!
The orc warrior hits you with a +2 short sword of speed!
* * * LOW HITPOINT WARNING * * *
The orc warrior no longer looks unusually strong.
The orc warrior unwields a +2 short sword of speed.
The orc warrior wields a +0 arbalest.
The orc warrior shoots a bolt.
The bolt hits you!
You die...

##### ##<..## #
#.@...#.#
####).)....###
#..))o.......#
#.............#
#....oo.#.#.....
#........###.....
##.......# ....
#$....... ...
##>.....# #


You could see an orc warlord and 2 orc warriors.

Vanquished Creatures
  2 vault guards (Bailey)
  3 hydras
  2 two-headed ogres (D:8)
  A boulder beetle (Lair:4)
  8 death yaks
  An orc high priest (D:10)
  3 thrashing horrors (Lair:5)
  A fire crab (shapeshifter) (Lair:5)
  An ugly thing (Lair:5)
  A merfolk siren (Lair:2)
  4 black mambas
  17 elephants
  Joseph (D:8)
  A torpor snail (Lair:4)
  3 smoke demons (Lair:5)
  6 komodo dragons
  2 rime drakes
  3 cane toads
  3 kobold demonologists (D:10)
  2 ancient zymes (Lair:5)
  4 polar bears
  11 blink frogs
  Prince Ribbit (Bailey)
  A large abomination (Lair:5)
  Sigmund (D:3)
  24 yaks
  2 spriggans
  3 wyverns
  A ynoxinul (Lair:5)
  14 humans
  5 basilisks
  A steam dragon (D:6)
  8 vampire mosquitoes
  A chaos spawn (Lair:5)
  Duvessa (D:5)
  Edmund (D:6)
  A warg (D:10)
  5 orc warriors
  13 water moccasins
  A sky beast (D:7)
  6 black bears
  4 boggarts (Lair:4)
  3 ogres
  11 wolves
  3 centaurs
  A phantom (D:5)
  2 kobold brigands
  18 bullfrogs
  3 necrophages
  2 scorpions
  12 small abominations (Lair:5)
  23 wights
  Dowan (D:5)
  4 killer bees (D:9)
  An electric eel (Lair:2)
  4 howler monkeys
  A gnoll bouda (D:6)
  2 jellies
  7 orc priests
  7 hounds
  Ijyb (D:3)
  Jessica (D:2)
  5 iguanas
  Natasha (thrice) (D:4)
  10 orc wizards
  5 hell rats
  Robin (D:2)
  4 gnolls (D:6)
  5 adders
  A white imp (D:6)
  5 dart slugs
  30 orcs
  8 ball pythons
  5 bats
  9 endoplasms
  19 goblins
  7 hobgoblins
  8 quokkas
  4 frilled lizards (D:1)
  20 kobolds
  6 rats
  A spectral hobgoblin (D:8)
437 creatures vanquished.

Vanquished Creatures (others)
  9 fungi
  28 plants
37 creatures vanquished.

Grand Total: 474 creatures vanquished

Notes
Turn   | Place    | Note
-------+----------+-------------------------------------------
     0 | D:1      | MrRokkomies the Armataur Brigand began the quest for the
                  | Orb.
     0 | D:1      | Reached XP level 1. HP: 18/18 MP: 1/1
    36 | D:1      | Reached XP level 2. HP: 16/25 MP: 2/2
   134 | D:1      | Reached skill level 1 in Dodging
   203 | D:1      | Found Rethelu's Distillery.
   235 | D:1      | Reached XP level 3. HP: 32/32 MP: 3/3
   397 | D:1      | Found Ceohu's Magic Scroll Emporium.
   407 | D:1      | Bought a scroll of identify for 28 gold pieces
   524 | D:2      | Noticed Robin
   543 | D:2      | Killed Robin
   571 | D:2      | Reached XP level 4. HP: 38/39 MP: 4/4
   910 | D:2      | Noticed Jessica
   914 | D:2      | Killed Jessica
  1012 | D:2      | Found a runed translucent door.
  1013 | D:2      | Noticed Crazy Yiuf
  1749 | D:3      | Found an ancient bone altar of Kikubaaqudgha.
  1837 | D:3      | Found Kuciziep's Distillery.
  1847 | D:3      | Bought a potion of curing for 42 gold pieces
  1964 | D:3      | Noticed Sigmund
  1994 | D:3      | Killed Sigmund
  1995 | D:3      | Reached skill level 5 in Stealth
  1995 | D:3      | Reached XP level 5. HP: 22/49 MP: 5/5
  1995 | D:3      | Reached XP level 6. HP: 25/55 MP: 6/6
  2258 | D:3      | Noticed Ijyb
  2261 | D:3      | Killed Ijyb
  2610 | D:4      | Noticed Natasha
  2617 | D:4      | Killed Natasha
  2618 | D:4      | Reached XP level 7. HP: 64/64 MP: 7/7
  2656 | D:4      | Noticed Natasha
  2664 | D:4      | Killed Natasha
  2726 | D:4      | Found a staircase to the Ecumenical Temple.
  2731 | Temple   | Entered the Ecumenical Temple
  2856 | Temple   | Became a worshipper of Uskayaw the Reveller
  2878 | D:4      | Noticed Natasha
  3006 | D:4      | Reached * piety under Uskayaw
  3009 | D:4      | Killed Natasha
  3031 | D:4      | Found a snail-covered altar of Cheibriados.
  3046 | D:5      | Entered Level 5 of the Dungeon
  3049 | D:5      | Reached ** piety under Uskayaw
  3054 | D:5      | Reached *** piety under Uskayaw
  3163 | D:5      | Identified a scroll of acquirement
  3163 | D:5      | Acquired the amulet "Cerau" {Regen+ Dex+4}
  3287 | D:5      | Reached skill level 5 in Fighting
  3342 | D:5      | Reached skill level 5 in Short Blades
  3392 | D:5      | Reached XP level 8. HP: 70/72 MP: 8/8
  3795 | D:5      | Noticed Duvessa
  3795 | D:5      | Noticed Dowan
  3798 | D:5      | Killed Duvessa
  3811 | D:5      | Killed Dowan
  4001 | D:6      | Reached **** piety under Uskayaw
  4005 | D:6      | Reached ***** piety under Uskayaw
  4176 | D:6      | Reached XP level 9. HP: 50/83 MP: 9/9
  4258 | D:6      | Noticed Edmund
  4285 | D:6      | Killed Edmund
  4722 | D:7      | Found a bloodstained altar of Trog.
  4783 | D:7      | Found Uruqeilu's Distillery.
  4792 | D:7      | Bought a potion of invisibility for 112 gold pieces
  4792 | D:7      | Bought a potion of heal wounds for 70 gold pieces
  4792 | D:7      | Bought a potion of heal wounds for 70 gold pieces
  5414 | D:7      | Found a sparkling altar of Nemelex Xobeh.
  5508 | D:8      | Reached XP level 10. HP: 93/94 MP: 10/10
  5555 | D:8      | Noticed Joseph
  5555 | D:8      | Found a flagged portal.
  5557 | D:8      | Killed Joseph
  5570 | D:8      | Identified the +6 hand axe of Iguss {flame, *Rage rElec
                  | rC+++}
  5574 | Bailey   | Entered a bailey
  5667 | Bailey   | Reached ****** piety under Uskayaw
  5817 | Bailey   | Noticed Prince Ribbit
  5818 | Bailey   | Noticed a vault guard
  5840 | Bailey   | Killed a vault guard
  5841 | Bailey   | Reached skill level 5 in Dodging
  5844 | Bailey   | Killed Prince Ribbit
  5886 | Bailey   | Noticed a vault guard
  5912 | Bailey   | Killed a vault guard
  6113 | D:8      | Reached XP level 11. HP: 89/102 MP: 11/11
  6290 | D:8      | Noticed a two-headed ogre
  6303 | D:8      | Noticed a two-headed ogre
  6310 | D:8      | Killed a two-headed ogre
  6401 | D:8      | Killed a two-headed ogre
  6547 | D:8      | Found a hazy altar of Hepliaklqana.
  6968 | D:9      | Identified the +0 pair of gloves of the Stallion {rN+ Str-3
                  | Int+4}
  7053 | D:9      | Found a staircase to the Lair.
  7053 | D:9      | Noticed a death yak
  7139 | D:9      | Killed a death yak
  7348 | D:9      | Reached skill level 10 in Fighting
  7366 | D:9      | Reached skill level 10 in Short Blades
  7366 | D:9      | Reached skill level 10 in Stealth
  7638 | D:9      | Found a shimmering blue altar of Sif Muna.
  7677 | D:9      | Found a sacrificial altar of Ru.
  7692 | D:9      | Reached skill level 1 in Invocations
  7773 | D:9      | Reached skill level 1 in Evocations
  7898 | Lair:1   | Entered Level 1 of the Lair of Beasts
  8741 | Lair:2   | Found a staircase to the Shoals.
  8858 | Lair:2   | Noticed a seven-headed hydra
  8877 | Lair:2   | Killed a seven-headed hydra
  9027 | Lair:2   | Reached XP level 12. HP: 37/113 MP: 10/15
  9535 | Lair:2   | Reached skill level 5 in Throwing
  9579 | Lair:2   | Identified the +5 long sword of Imomoy {distort, *Slow rC+
                  | Str+3}
 10025 | Lair:3   | Noticed a death yak
 10025 | Lair:3   | Noticed a death yak
 10025 | Lair:3   | Noticed a death yak
 10100 | Lair:3   | Found a staircase to the Snake Pit.
 10107 | Lair:3   | Noticed a minotaur
 10108 | Lair:3   | Noticed an eight-headed hydra
 10109 | Lair:3   | Noticed Morbidden's ghost (journeyman TrCj)
 10110 | Lair:3   | Noticed a catoblepas
 10150 | Lair:3   | Noticed a death yak
 10152 | Lair:3   | Noticed a death yak
 10183 | Lair:3   | Upgraded the game from 0.30-a0-218-gedb9141078 to
                  | 0.30-a0-222-ge547ba4400
 10192 | Lair:3   | Killed a death yak
 10193 | Lair:3   | Reached skill level 5 in Invocations
 10197 | Lair:3   | Killed a death yak
 10199 | Lair:3   | Killed a death yak
 10201 | Lair:3   | Killed a death yak
 10202 | Lair:3   | Killed a death yak
 10299 | Lair:3   | Found a runed translucent gate.
 10299 | Lair:3   | Found a runed translucent gate.
 10299 | Lair:3   | Found a runed translucent gate.
 10796 | Lair:3   | Noticed a four-headed hydra
 10807 | Lair:3   | Killed a four-headed hydra
 11163 | Lair:4   | Found a large runed translucent door.
 11164 | Lair:4   | Found a large runed translucent door.
 11259 | Lair:4   | Noticed borntocrawl's ghost (journeyman SpHs)
 11302 | Lair:4   | Noticed a boulder beetle
 11436 | Lair:4   | Killed a boulder beetle
 12044 | Lair:4   | Noticed a death yak
 12044 | Lair:4   | Noticed a death yak
 12063 | Lair:4   | Killed a death yak
 12064 | Lair:4   | Killed a death yak
 12065 | Lair:4   | Reached skill level 5 in Evocations
 12071 | Lair:4   | Reached XP level 13. HP: 50/120 MP: 15/18
 12430 | Lair:4   | Found a viscous altar of Jiyva.
 12432 | Lair:4   | Found a staircase to the Slime Pits.
 12783 | Lair:5   | Entered Level 5 of the Lair of Beasts
 14848 | Lair:5   | Found a corrupted altar of Lugonu.
 14848 | Lair:5   | Found a one-way gate to the infinite horrors of the Abyss.
 15253 | D:10     | Entered Level 10 of the Dungeon
 15385 | D:10     | Reached XP level 14. HP: 111/129 MP: 21/21
 15458 | D:10     | Found Qegi's Weapon Boutique.
 15579 | D:10     | Found a broken altar of Ashenzari.
 15633 | D:10     | Found a staircase to the Orcish Mines.
 15998 | Orc:1    | Entered Level 1 of the Orcish Mines
 15998 | Orc:1    | Noticed an orc warlord
 16079 | D:10     | Reached skill level 10 in Invocations
 16109 | D:10     | HP: 2/129 [orc high priest/+0 dire flail (12)]
 16114 | D:10     | HP: 2/129 [poisoned by an orc]
 16119 | D:10     | HP: 3/129 [poisoned by an orc]
 16253 | Orc:1    | HP: 6/129 [orc warrior/+2 short sword of speed[an orc
                  | warlord] (10)]
 16253 | Orc:1    | Shot with a bolt by an orc warrior

Illustrated notes

Levels and vault maps discovered:
D:1:      minmay_arrival_open_corners, layout_rooms, serial_shops,
          nicolae_shop_advertising_works [nicolae_subvault_shop_adworks],
          nicolae_shop_crystal
D:2:      layout_basic, nrook_mini_backslash, uniq_jessica,
          uniq_crazy_yiuf_cottage, uniq_robin
D:3:      layout_loops_cross, kiku_gazebo_pond_becter, serial_shops, shop,
          uniq_ijyb, uniq_sigmund
D:4:      layout_cave_pools, lemuel_tele_altar, temple_doors_e, uniq_natasha
D:5:      layout_loops_ring, kennysheep_generic_room_9, uniq_duvessa
D:6:      minmay_skewed_foursquare, layout_basic,
          chequers_serial_rivers_micro_d, uniq_edmund
D:7:      layout_basic, amcnicky_altar_gilded, kennysheep_mini_moat,
          serial_shops, nicolae_shop_stone, skrybe_limestone_x, minmay_ruffians
D:8:      layout_loops_ring, nicolae_hepliaklqana_monster_ancestors,
          enter_bailey_2, minmay_misc_feat_room, uniq_joseph
D:9:      layout_cave_pods, kennysheep_mini, marbit_many_paths,
          david_lair_generic, dk_noncrumbling_3, kennysheep_decorative_pillar
D:10:     layout_gridville, lemuel_crystal_altar, orc_0_dummy, serial_shops,
          shop, minmay_misc_feat_chi
Temple:   nicolae_temple_superstar
Lair:1:   layout_big_grid, chequers_serial_rivers_micro_b,
          chequers_serial_rivers_micro_e
Lair:2:   statuecave_lemuel, layout_long_grid,
          minmay_shoals_entry_lonely_mermaid, grunt_megastairs_5,
          serial_bayou_shore_b
Lair:3:   layout_regular_city, dummy_snake_entry,
          maelrawn_ghost_gauntlet_escape, minmay_stone_trees_small,
          eino_small_chamber_without_monster, wad_woods_03,
          infiniplex_staircase_pool
Lair:4:   layout_layer_cave, minmay_slime_entry_oklob_enclosed,
          ebering_ghost_disaster_area, kilobyte_rumbling_trees
Lair:5:   hellmonk_lair_end_abyssal_woods, layout_hall_layers,
          grunt_megastairs_1
Orc:1:    layout_diamond_mine

Skill      XL: |  1  2  3  4  5  6  7  8  9 10 11 12 13 14 |
---------------+-------------------------------------------+-----
Fighting       | 2 3 4 5 6 7 9 10 | 10.0
Short Blades   | 2 3 4 5 6 7 9 10 | 10.2
Dodging        | 1 2 3 4 5 6 7 |  7.9
Stealth        | 5 6 7 8 9 10 | 10.0
Throwing       | 4 7 9 |  9.4
Invocations    | 4 7 9 10 | 10.0
Evocations     | 2 5 6 |  6.9

Action                   |  1- 3 |  4- 6 |  7- 9 | 10-12 | 13-15 || total
-------------------------+-------+-------+-------+-------+-------++-------
Melee: Dagger            |   103 |   129 |   457 |   712 |   160 ||  1561
       Tailslap          |     5 |    13 |    74 |   179 |   164 ||   435
       Punch             |       |       |     8 |    14 |    12 ||    34
       Short sword       |       |       |       |   163 |   396 ||   559
       Rapier            |       |       |       |       |   161 ||   161
Throw: Dart              |       |     6 |     4 |       |    27 ||    37
       Throwing net      |       |       |       |     2 |       ||     2
Invok: Stomp             |       |       |       |     2 |     1 ||     3
Evoke: Wand              |       |       |       |     5 |       ||     5
       Condenser vane    |       |       |       |     1 |       ||     1
  Use: Scroll            |     1 |     9 |     9 |     6 |     1 ||    26
       Potion            |       |     1 |     3 |    13 |     8 ||    25
 Stab: Sleeping          |    16 |    19 |    11 |    33 |     8 ||    87
       Paralysed         |       |       |    14 |    39 |    36 ||    89
       Distracted        |       |       |     1 |     3 |     2 ||     6
       Invisible         |       |       |     2 |    11 |       ||    13
Armor: Robe              |    45 |    34 |    89 |   281 |   150 ||   599
       Skin              |       |       |    18 |    25 |       ||    43
       Leather armour    |       |       |       |       |   121 ||   121
Dodge: Dodged            |    37 |    29 |    99 |   439 |   375 ||   979
Block: Other             |       |     9 |     6 |       |       ||    15

Table legend: (Time is in decaauts)
 A = Elapsed time spent in this place.
 B = Non-inter-level travel time spent in this place.
 C = Inter-level travel time spent in this place.
 D = Time resting spent in this place.
 E = Time spent auto-exploring this place.
 F = Levels seen in this place.
 G = Mean time per level.
                   A        B        C        D        E       F      G
               +--------+--------+--------+--------+--------+-----+--------+
         Total |  15146 |  14452 |    694 |   1002 |  10532 |  18 |  841.4 |
       Dungeon |   7866 |   7501 |    365 |    314 |   5692 |  10 |  786.6 |
        Temple |    132 |    114 |     18 |      0 |    100 |   1 |  132.0 |
          Lair |   6752 |   6442 |    310 |    622 |   4590 |   5 | 1350.4 |
  Orcish Mines |     38 |     38 |      0 |      0 |      0 |   1 |   38.0 |
        Bailey |    357 |    357 |      0 |     66 |    149 |   1 |  357.0 |
               +--------+--------+--------+--------+--------+-----+--------+

Top non-repeatable levels by time:
  Lair:5: 2070 daAuts
  Lair:4: 1527 daAuts
  Lair:2: 1312 daAuts
     D:2: 1128 daAuts
  Lair:3: 1074 daAuts
     D:9: 947 daAuts
    D:10: 937 daAuts
     D:8: 901 daAuts
     D:7: 829 daAuts
     D:5: 788 daAuts
  Lair:1: 766 daAuts
     D:3: 689 daAuts
     D:6: 608 daAuts
     D:4: 564 daAuts
     D:1: 470 daAuts
